 Dungeon Crawl Stone Soup version 0.31-a0-177-g4aa6249778 (webtiles) character file.

Game seed: 17740700031498713049

152 qw the Chopper (level 5, -2/32 HPs)
             Began as a Gargoyle Fighter on June 18, 2023.
             Slain by a gnoll
             ... wielding a +0 halberd
              (6 damage)
             ... on level 3 of the Dungeon.
             The game lasted 00:01:01 (2140 turns).

qw the Chopper (Gargoyle Fighter)                   Turns: 2140, Time: 00:01:01

Health: -2/32      AC: 15    Str: 21    XL:     5   Next: 34%
Magic:  5/5        EV:  5    Int:  9    God:
Gold:   118        SH:  4    Dex:  9    Spells: 4/4 levels left

rFire   . . .        Y - +0 war axe
rCold   . . .        c - +0 buckler
rNeg    + . .        p - +0 plate armour
rPois   inf          (no helmet)
rElec   +            h - scarf {repulsion}
rCorr   .            (no gloves)
SInv    .            (no boots)
Will    +....        (no amulet) Stlth
                     q - ring of willpower
HPRegen 0.25/turn    (no ring)
MPRegen 0.09/turn

%: repel missiles
@: about to teleport
A: sickness immunity, AC +4, negative energy resistance 1, electricity
resistance, torment resistance 1, petrification resistance
a: no special abilities


You were on level 3 of the Dungeon.
You visited 1 branch of the dungeon, and saw 3 of its levels.

You collected 118 gold pieces.


Innate Abilities, Weirdness & Mutations

You are immune to sickness and miasma.
Your stone body is resilient. (AC +4)
You are immune to poison.
You resist negative energy. (rN+)
You are resistant to electric shocks. (rElec)
You are resistant to unholy torment.
You are immune to petrification.


   Skills:
 - Level 3.2 Fighting
 + Level 4.9 Axes
 - Level 3.2 Armour
 - Level 3.2 Shields


You had 4 spell levels left.
You didn't know any spells.
Your spell library was empty.

Inventory:

Hand Weapons
 j - a +0 mace
 Y - a +0 war axe (weapon)
Armour
 b - a +0 helmet
 c - a +0 buckler (worn)
 e - a +0 pair of boots
 h - a scarf of repulsion (worn)
 p - a +0 plate armour (worn)
Jewellery
 q - a ring of willpower (left hand)
Scrolls
 g - 4 scrolls of teleportation
 i - 2 scrolls of identify
Potions
 a - a potion of heal wounds {unknown}
 d - a potion of might
 f - a potion of berserk rage {unknown}
 k - a potion of magic
 o - a potion of curing

Dungeon Overview and Level Annotations

Branches:
Dungeon (3/15)

Altars:
Ashenzari
Dithmenos
Trog

Annotations:
D:3 1 runed translucent door, qw's ghost, amateur GrFi


Message History

Enter note:
Enter note:
2133 ||| Stepping ~*~*~tactically~*~*~ (hiding).
Enter note:
Enter note:
Enter note:
Enter note: You closely miss the gnoll.
The gnoll hits you but does no damage.
You slash the gnoll!
The gnoll is severely wounded.
The gnoll hits you but does no damage. The gnoll hits you with a +0 club.
You slash the gnoll!
You kill the gnoll!
The gnoll hits you but does no damage.
The gnoll hits you from afar with a +0 spear.
The gnoll hits you with a +0 halberd! The gnoll hits you with a +0 spear.
A gnoll comes into view. It is wielding a +0 halberd.
You see here a +0 club.
Enter note:
Enter note:
Enter note:
Enter note: The gnoll shouts!
You slash the gnoll!
The gnoll is severely wounded.
You closely miss the gnoll. The gnoll closely misses you.
The gnoll barely misses you. The gnoll hits you with a +0 halberd.
The gnoll hits you with a +0 spear.
2139 ||| READING 5 scrolls of teleportation.
As you read the scroll of teleportation, it crumbles to dust.
You feel strangely unstable. The gnoll hits you but does no damage.
The gnoll hits you with a +0 spear. The gnoll completely misses you.
You barely miss the gnoll.
The gnoll is severely wounded.
You hit the gnoll. The gnoll barely misses you.
The gnoll hits you but does no damage.
The gnoll hits you from afar with a +0 halberd.
You die...

#.##.####.#
#....%........# #.
#.# #.###.....###.#
#
#.####.#####_#####.#
#.#....###.....###..
#...................
#......##.##.....###
##.....##.######.#
#####..?###.## .#
......g@.....# .
#####.g####..... .
#.g #..### #.. #..#
... ###? ##


You could see 3 gnolls.

Vanquished Creatures
  Natasha (thrice) (D:2)
  A gnoll (D:3)
  3 adders
  A dart slug (D:1)
  6 bats
  5 endoplasms
  A giant cockroach (D:2)
  3 goblins
  3 hobgoblins
  A quokka (D:3)
  3 ball pythons (D:2)
  3 frilled lizards
  8 kobolds
  4 rats
45 creatures vanquished.

Notes
Turn   | Place    | Note
-------+----------+-------------------------------------------
     0 | D:1      | qw the Gargoyle Fighter began the quest for the Orb.
     0 | D:1      | Reached XP level 1. HP: 14/14 MP: 1/1
     0 | D:1      | 0 ||| qw: Version: 0.3-a-7-ge0c9b40
     0 | D:1      | 0 ||| qw: Game counter: 833
     0 | D:1      | 0 ||| qw: Always use a shield: true
     0 | D:1      | 0 ||| qw: God list: Okawaru
     0 | D:1      | 0 ||| qw: Allow faded altars: false
     0 | D:1      | 0 ||| qw: Do Orc after D:15 true
     0 | D:1      | 0 ||| qw: Do second Lair branch before Depths: true
     0 | D:1      | 0 ||| qw: Lair rune preference: random
     0 | D:1      | 0 ||| qw: Plans: Normal, Zot:1-4, Slime:5, God:TSO, Crypt,
                  | Tomb, Abyss, Pan, Hells, Win
     0 | D:1      | 0 ||| PLANNING D:1-11
    66 | D:1      | Reached skill level 2 in Axes
   159 | D:1      | 159 ||| Stepping ~*~*~tactically~*~*~ (hiding).
   167 | D:1      | Reached XP level 2. HP: 17/19 MP: 2/2
   285 | D:1      | 285 ||| Stepping ~*~*~tactically~*~*~ (hiding).
   305 | D:1      | 305 ||| DROPPING +0 whip.
   328 | D:1      | Found a faded altar of an unknown god.
   640 | D:1      | 640 ||| UPGRADING to scarf of repulsion.
   645 | D:1      | 645 ||| READING scroll labelled ERPHIX HUVVUE.
   646 | D:1      | 646 ||| READING scroll labelled CATA PINLOCUO.
   647 | D:1      | 647 ||| READING 2 scrolls labelled MEAQUA JIGGAB.
   650 | D:1      | 650 ||| READING 2 scrolls labelled TOSEXU JICEC.
   675 | D:2      | Reached skill level 3 in Axes
   675 | D:2      | Reached XP level 3. HP: 23/23 MP: 3/3
   917 | D:2      | 917 ||| Stepping ~*~*~tactically~*~*~ (hiding).
   918 | D:2      | 918 ||| Stepping ~*~*~tactically~*~*~ (hiding).
  1106 | D:2      | Noticed Natasha
  1112 | D:2      | Killed Natasha
  1113 | D:2      | Reached skill level 4 in Axes
  1113 | D:2      | Reached XP level 4. HP: 28/28 MP: 4/4
  1479 | D:2      | 1479 ||| UPGRADING to +0 chain mail.
  1489 | D:2      | 1489 ||| DROPPING +0 scale mail.
  1490 | D:2      | 1490 ||| UPGRADING to +0 plate armour.
  1500 | D:2      | 1500 ||| DROPPING +0 chain mail.
  1501 | D:2      | 1501 ||| UPGRADING to ring of willpower.
  1502 | D:2      | 1502 ||| READING scroll labelled HAKLUSH LYCARO.
  1503 | D:2      | 1503 ||| READING scroll labelled GIXUTE YLIYC.
  1523 | D:2      | 1523 ||| READING scroll labelled KYNEBL SYWN.
  1524 | D:2      | 1524 ||| READING scroll labelled AHAR PIDUCKEG.
  1525 | D:2      | 1525 ||| DRINKING 2 black potions.
  1526 | D:2      | 1526 ||| READING 3 scrolls of identify.
  1526 | D:2      | 1526 ||| IDENTIFYING puce potion
  1527 | D:2      | 1527 ||| READING 2 scrolls of identify.
  1527 | D:2      | 1527 ||| IDENTIFYING blue potion
  1528 | D:2      | 1528 ||| DROPPING potion of brilliance.
  1541 | D:2      | Noticed Natasha
  1552 | D:2      | Killed Natasha
  1557 | D:2      | Noticed Natasha
  1558 | D:2      | 1558 ||| FLEEEEING.
  1559 | D:2      | 1559 ||| FLEEEEING.
  1560 | D:2      | 1560 ||| FLEEEEING.
  1561 | D:2      | 1561 ||| FLEEEEING.
  1581 | D:2      | HP: 1/28 [Natasha/magic dart (9)]
  1582 | D:2      | 1582 ||| READING 2 scrolls of teleportation.
  1583 | D:2      | Killed Natasha
  1584 | D:2      | Reached XP level 5. HP: 2/32 MP: 5/5
  1749 | D:3      | Found a shadowy altar of Dithmenos.
  1803 | D:3      | Found a runed translucent door.
  1809 | D:3      | Noticed qw's ghost (amateur GrFi)
  1872 | D:3      | Found a bloodstained altar of Trog.
  2105 | D:3      | Found a broken altar of Ashenzari.
  2131 | D:3      | 2131 ||| Stepping ~*~*~tactically~*~*~ (stealth).
  2133 | D:3      | 2133 ||| Stepping ~*~*~tactically~*~*~ (hiding).
  2138 | D:3      | HP: 7/32 [gnoll/+0 spear (4)]
  2139 | D:3      | 2139 ||| READING 5 scrolls of teleportation.
  2139 | D:3      | HP: 3/32 [gnoll/+0 spear (4)]
  2140 | D:3      | Slain by a gnoll

Levels and vault maps discovered:
D:1:      dpeg_arrival_tiny_a, layout_loops_ring,
          hellmonk_ecumenical_altar_inner_sanctum
D:2:      layout_basic, kennysheep_generic_room_9, uniq_natasha
D:3:      layout_loops_ring, mainiacjoe_overflow_paths,
          nicolae_dithmenos_shadow_blocks, cheibrodos_ashenzari_chains,
          ebering_ghost_reflecting_pool

Skill      XL: |  1  2  3 |
---------------+----------+-----
Axes           | 2 3 4 |  4.9
Fighting       | |  3.2
Armour         | |  3.2
Shields        | |  3.2

Action                     |  1- 3 |  4- 6 || total
---------------------------+-------+-------++-------
  Melee: War axe           |    87 |    74 ||   161
    Use: Scroll            |     4 |     8 ||    12
         Potion            |       |     1 ||     1
 Armour: Scale mail        |    37 |    10 ||    47
         Plate armour      |       |    52 ||    52
  Dodge: Dodged            |    40 |    21 ||    61
  Block: Buckler           |    19 |    14 ||    33

Table legend:
 A = Non-vault XP
 B = Vault XP
 C = Vault XP percentage of total XP
 D = Non-vault monster count
 E = Vault monster count
 F = Vault count percentage of total count
                 A         B        C        D         E       F
            +---------+---------+-------+---------+---------+-------
      Total |     169 |      49 |  22.5 |      43 |       2 |   4.4
            +---------+---------+-------+---------+---------+-------
        D:1 |      26 |       0 |   0.0 |      17 |       0 |   0.0
        D:2 |     103 |      49 |  32.2 |      17 |       2 |  10.5
        D:3 |      40 |       0 |   0.0 |       9 |       0 |   0.0
            +---------+---------+-------+---------+---------+-------
